 Dungeon Crawl Stone Soup version 0.23-a0-419-g0174fd8 (webtiles) character file.

23825 JeffiDaFish the Thaumaturge (level 12, -3/51 HPs)
             Began as a Spriggan Necromancer on Nov 12, 2018.
             Was an Elder of Kikubaaqudgha.
             Killed from afar by a swamp worm (13 damage)
             ... with a harpoon shot
             ... on level 2 of the Lair of Beasts.
             The game lasted 01:00:27 (18024 turns).

JeffiDaFish the Thaumaturge (Spriggan Necromancer) Turns: 18024, Time: 01:00:27

Health: -3/51      AC:  6    Str:  4    XL:     12   Next: 75%
Magic:  2/40       EV: 28    Int: 20    God:    Kikubaaqudgha [****..]
Gold:   486        SH:  0    Dex: 18    Spells: 26/40 levels left

rFire    . . .     SeeInvis +   k - +4 rapier (elec)
rCold    . . .     Gourm    .   (shield restricted)
rNeg     . . .     Faith    .   l - +2 robe {Archmagi}
rPois    .         Spirit   .   w - +2 hat {MR+}
rElec    .         Reflect  .   (no cloak)
rCorr    .         Harm     .   (gloves unavailable)
MR       ++++.                  (boots unavailable)
Stlth    +++++.....             (no amulet)
HPRegen  0.17/turn              d - +2 ring of evasion
MPRegen  0.27/turn              f - ring of magical power

@: very quick
A: very small, unfitting armour, see invisible, herbivore, speed 3, magic
resistance 1, slow metabolism 2, subdued magic 1
a: Receive Corpses, Renounce Religion


You were on level 2 of the Lair of Beasts.
You worshipped Kikubaaqudgha.
Kikubaaqudgha was greatly pleased with you.
You were very hungry.

You visited 2 branches of the dungeon, and saw 13 of its levels.
You also visited: Ossuary.

You collected 747 gold pieces.
You spent 261 gold pieces at shops.

Inventory:

Hand Weapons
 e - a +0 vampiric short sword
 k - a +4 rapier of electrocution (weapon)
Armour
 l - a +2 robe of the Archmagi (worn)
 w - a +2 hat of magic resistance (worn)
Jewellery
 d - a +2 ring of evasion (left hand)
 f - a ring of magical power (right hand)
Wands
 h - a wand of digging (3)
 v - a wand of paralysis (20)
Scrolls
 a - 3 scrolls of blinking
 b - 6 scrolls of teleportation
 i - 3 scrolls of remove curse
 j - 11 scrolls of identify
 r - a scroll of fear
 s - a scroll of magic mapping
Potions
 m - 3 potions of flight
 n - 2 potions of heal wounds
 o - 5 potions of curing
 p - 3 potions of might
 t - 2 potions of mutation
 u - a potion of resistance
Comestibles
 c - 13 rations


   Skills:
 + Level 7.7 Short Blades
 - Level 10.2 Dodging
 - Level 10.0 Stealth
 * Level 14.6 Spellcasting
 - Level 3.2 Conjurations
 * Level 12.0 Necromancy


You had 26 spell levels left.
You knew the following spells:

 Your Spells              Type           Power        Failure   Level  Hunger
a - Pain                  Necr           ####         0%          1    None
b - Vampiric Draining     Necr           ######....   1%          3    None
c - Regeneration          Chrm/Necr      #####.....   1%          3    None
d - Corpse Rot            Necr           N/A          1%          2    None
e - Bolt of Draining      Conj/Necr      ######....   4%          5    ###....

Your spell library contained the following spells:

 Spells                   Type           Power        Failure   Level  Hunger
 Animate Skeleton         Necr           N/A          0%          1    None
 Sublimation of Blood     Necr           ######....   1%          2    None
 Animate Dead             Necr           N/A          1%          4    None
 Dispel Undead            Necr           ######..     1%          5    ###....
 Apportation              Tloc           ###...       3%          1    None
 Confusing Touch          Hex            ###...       3%          1    None
 Sandblast                Erth           ###...       3%          1    None
 Summon Small Mammal      Summ           ###.         3%          1    None
 Passwall                 Tmut/Erth      ###.....     5%          2    None
 Stone Arrow              Conj/Erth      ###...       5%          3    None
 Borgnjor's Vile Clutch   Necr/Erth      #####.....   8%          5    ###....
 Petrify                  Tmut/Erth      ###.....     36%         4    None
 Simulacrum               Ice/Necr       #####.....   45%         6    #####..
 Lee's Rapid Deconstruct  Erth           ###.......   73%         5    ###....


Dungeon Overview and Level Annotations

Branches:
Dungeon (11/15)            Temple (0/1) D:7            Lair (2/6) D:11
  Swamp: Lair:2-4    Shoals: Lair:2-4     Snake: Lair:2-4    Spider: Lair:2-4
    Orc: D:9-12

Altars:
Elyvilon
Fedhas
Kikubaaqudgha
Xom

Shops:
D:6 ?   D:7 ?(![

Annotations:
D:3 2 transporters, Tarl's ghost, amateur MiFi
D:8 1 runed door, indyram44's ghost, novice DsBe


Innate Abilities, Weirdness & Mutations

You are very small and have problems with some larger weapons.
You are too small for most types of armour.
You have supernaturally acute eyesight. (SInv)
You are a herbivore.
You cover ground extremely quickly.
You need to consume almost no food.
You are resistant to hostile enchantments. (MR+)
Your spells are a little easier to cast, but a little less powerful.


Message History

The swamp worm throws harpoon shot at you.
The harpoon shot hits you!
You are yanked forward by the harpoon shot.
Casting: Bolt of Draining (safe; 4% risk of failure)
Confirm with . or Enter, or press ? or * to list all spells.
Aiming: Pain (safe; 0% risk of failure)
Press: ? - help, Shift-Dir - straight line, f/p - swamp worm
Aim: a swamp worm (chance to defeat MR: 89%)
You feel a surge of power!
The swamp worm writhes in agony!
The swamp worm bites you!!
* * * LOW HITPOINT WARNING * * *
You feel much better.
The swamp worm throws harpoon shot at you.
The harpoon shot hits you!
* * * LOW HITPOINT WARNING * * *
You are yanked forward by the harpoon shot.
The swamp worm throws harpoon shot at you.
The harpoon shot hits you!
You die...
Kikubaaqudgha rasps: "You have failed me!
Welcome... death!"

.P#.##......####
....#.......P##...#
...÷.......P## ... ##
............# #.# ..#
#.###.......####.## #..#
#####........#.P..##..##
...................!...#
......................#
..............w.@.....#
...........†...........#
......................##
.......................#
####..#P...########.P.##
#.##.###...# ##.#
..†...##...# ..#
......##...# ..
......#....#


You could see a swamp worm.

Vanquished Creatures
  Gastronok (Lair:1)
  Erolcha (D:9)
  2 hydras
  A two-headed ogre (D:9)
  A tengu warrior (D:10)
  A deep troll earth mage (D:10)
  Urug (D:11)
  An unseen horror (D:11)
  4 ugly things
  6 elephants (Lair:2)
  A torpor snail (Lair:2)
  4 spiny frogs
  A gargoyle (D:10)
  A kobold demonologist (D:9)
  A centaur skeleton (D:11)
  A rime drake (Lair:1)
  A komodo dragon (Lair:1)
  2 dream sheep (D:8)
  A troll (D:10)
  3 tyrant leeches (Lair:2)
  3 hippogriffs
  A hippogriff (shapeshifter) (D:10)
  A wraith (D:11)
  7 yaks
  Grum (Lair:1)
  4 swamp worms (Lair:2)
  5 water moccasins
  A hornet zombie (D:9)
  3 porcupines (Lair:1)
  2 orc warriors
  2 ice beasts
  A black bear (D:6)
  A phantom (D:5)
  A sky beast (D:8)
  An eye of draining (D:9)
  6 ogres
  9 wolves
  5 centaurs
  A necrophage (D:11)
  3 crocodiles
  4 big kobolds
  8 bullfrogs
  A wyvern skeleton (D:11)
  6 killer bees
  A scorpion (D:5)
  2 electric eels (Lair:2)
  5 wights (D:9)
  3 howler monkeys
  6 crimson imps
  2 bullfrog zombies
  10 hounds
  3 centaur zombies
  A human zombie (Ossuary)
  7 orc priests
  A jelly (D:9)
  11 orc wizards
  2 bullfrog skeletons
  4 iguanas
  4 worker ants
  A killer bee zombie (D:10)
  2 mummies (Ossuary)
  A howler monkey zombie (D:8)
  3 worker ant zombies
  8 gnolls
  A howler monkey skeleton (D:11)
  13 adders
  4 shadow imps
  2 oozes
  2 adder zombies
  A worm (D:2)
  A dart slug (D:4)
  5 leopard geckos
  42 orcs
  5 giant cockroaches
  A gnoll zombie (Ossuary)
  5 goblins
  2 hobgoblins (D:3)
  16 jackals
  9 kobolds
  3 quokkas
  6 ball pythons
  5 bats
  2 giant cockroach zombies (D:5)
  A goblin zombie (Ossuary)
  A hobgoblin zombie (Ossuary)
  3 kobold zombies (Ossuary)
  A quokka zombie (D:8)
  8 rats
328 creatures vanquished.

Vanquished Creatures (others)
  A human (D:6)
  A howler monkey (D:8)
  4 fungi
  5 plants (Lair:2)
11 creatures vanquished.

Grand Total: 339 creatures vanquished

Notes
Turn   | Place    | Note
-------+----------+-------------------------------------------
     0 | D:1      | JeffiDaFish the Spriggan Necromancer began the quest for
                  | the Orb.
     0 | D:1      | Reached XP level 1. HP: 9/9 MP: 5/5
   371 | D:1      | Reached skill level 3 in Spellcasting
   371 | D:1      | Reached XP level 2. HP: 6/13 MP: 1/7
  1820 | D:2      | Reached XP level 3. HP: 5/16 MP: 7/8
  2364 | D:2      | Learned a level 3 spell: Vampiric Draining
  2980 | D:3      | Reached XP level 4. HP: 11/21 MP: 8/10
  3127 | D:3      | Reached skill level 4 in Spellcasting
  3620 | D:3      | Found a transporter.
  3623 | D:3      | Noticed Tarl's ghost (amateur MiFi)
  3641 | D:3      | Reached XP level 5. HP: 24/24 MP: 12/12
  3918 | D:3      | Found a transporter.
  4253 | D:4      | Noticed an ogre
  4275 | D:4      | Killed an ogre
  4275 | D:4      | Reached skill level 1 in Short Blades
  4275 | D:4      | Reached skill level 5 in Stealth
  4275 | D:4      | Reached skill level 5 in Spellcasting
  4533 | D:4      | Learned a level 3 spell: Regeneration
  4549 | D:4      | Reached skill level 5 in Necromancy
  4549 | D:4      | Reached XP level 6. HP: 22/28 MP: 14/14
  4636 | D:5      | Entered Level 5 of the Dungeon
  4661 | D:5      | Found a white marble altar of Elyvilon.
  4664 | D:5      | Noticed an ice beast
  4689 | D:5      | Killed an ice beast
  4918 | D:5      | Reached XP level 7. HP: 19/32 MP: 14/16
  5462 | D:5      | Reached skill level 6 in Spellcasting
  5617 | D:5      | Found a blossoming altar of Fedhas.
  6418 | D:6      | Found an ancient bone altar of Kikubaaqudgha.
  6425 | D:6      | Reached skill level 7 in Spellcasting
  6440 | D:6      | Reached XP level 8. HP: 28/36 MP: 17/19
  6477 | D:6      | Became a worshipper of Kikubaaqudgha
  6946 | D:6      | Found Waje's Magic Scroll Emporium.
  6949 | D:6      | Bought a scroll of enchant weapon for 90 gold pieces
  6949 | D:6      | Bought a scroll of teleportation for 36 gold pieces
  6988 | D:7      | Found a sand-covered staircase.
  7010 | Ossuary  | Entered an ossuary
  7298 | Ossuary  | Reached skill level 8 in Spellcasting
  7324 | Ossuary  | Gained mutation: Your spells are a little easier to cast,
                  | but a little less powerful. [potion of mutation]
  7324 | Ossuary  | Gained mutation: You are resistant to hostile enchantments.
                  | (MR+) [potion of mutation]
  7411 | D:7      | Found Doroeniyll's Armour Boutique.
  7482 | D:7      | Found Yruloj Ixup's Antique Weapon Boutique.
  7534 | D:7      | Found Qoipp's Distillery.
  7543 | D:7      | Found a staircase to the Ecumenical Temple.
  7683 | D:7      | Bought a potion of mutation for 96 gold pieces
  7760 | D:7      | Found Paron's Magic Scroll Shoppe.
  7767 | D:7      | Bought a scroll of teleportation for 39 gold pieces
  7861 | D:7      | Reached * piety under Kikubaaqudgha
  7861 | D:7      | Identified Kikubaaqudgha's Volume of Darkness
                  | (Kikubaaqudgha gifted it to you on level 7 of the Dungeon)
  7861 | D:7      | Received a gift from Kikubaaqudgha
  7871 | D:7      | Learned a level 2 spell: Corpse Rot
  8443 | D:8      | Reached XP level 9. HP: 36/39 MP: 20/22
  8455 | D:8      | Found a runed door.
  8457 | D:8      | Noticed indyram44's ghost (novice DsBe)
  8546 | D:8      | Reached skill level 9 in Spellcasting
  9147 | D:8      | Reached skill level 5 in Short Blades
  9336 | D:8      | Reached skill level 5 in Dodging
  9360 | D:8      | Reached skill level 10 in Spellcasting
  9575 | D:8      | Reached ** piety under Kikubaaqudgha
  9706 | D:8      | Noticed a three-headed hydra
 10409 | D:9      | Reached XP level 10. HP: 41/44 MP: 25/25
 10654 | D:9      | Noticed Erolcha
 10659 | D:9      | Killed Erolcha
 10659 | D:9      | Reached skill level 10 in Stealth
 10774 | D:9      | Noticed a two-headed ogre
 10798 | D:9      | Killed a two-headed ogre
 10952 | D:9      | Reached skill level 11 in Spellcasting
 12081 | D:10     | Entered Level 10 of the Dungeon
 12381 | D:10     | Noticed a purple ugly thing
 12441 | D:10     | Killed a purple ugly thing
 12442 | D:10     | Noticed a gargoyle
 12536 | D:10     | Reached *** piety under Kikubaaqudgha
 12536 | D:10     | Identified Kikubaaqudgha's Almanac of Stolen Souls
                  | (Kikubaaqudgha gifted it to you on level 10 of the Dungeon)
 12536 | D:10     | Received a gift from Kikubaaqudgha
 12546 | D:10     | Learned a level 5 spell: Bolt of Draining
 13040 | D:10     | Reached XP level 11. HP: 45/47 MP: 27/27
 13285 | D:10     | Noticed a tengu warrior
 13285 | D:10     | Noticed a deep troll earth mage
 13288 | D:10     | Killed a deep troll earth mage
 13288 | D:10     | Reached skill level 12 in Spellcasting
 13288 | D:10     | Reached skill level 10 in Necromancy
 13293 | D:10     | Noticed an eight-headed hydra
 13315 | D:10     | Killed an eight-headed hydra
 13726 | D:10     | Killed a tengu warrior
 14256 | D:11     | Noticed a brown ugly thing
 14258 | D:11     | Noticed Urug
 14321 | D:11     | Found a staircase to the Lair.
 14324 | D:11     | Noticed a green ugly thing
 14374 | D:11     | Killed a green ugly thing
 14563 | D:11     | Noticed an unseen horror
 14582 | D:11     | Killed an unseen horror
 14743 | D:11     | Killed a brown ugly thing
 14819 | D:11     | Reached skill level 1 in Conjurations
 14966 | D:11     | Reached **** piety under Kikubaaqudgha
 15074 | D:11     | Reached skill level 13 in Spellcasting
 15226 | D:11     | Noticed a brown ugly thing
 15233 | D:11     | Killed a brown ugly thing
 15318 | D:11     | Killed Urug
 15514 | Lair:1   | Entered Level 1 of the Lair of Beasts
 15717 | Lair:1   | Noticed Grum
 15737 | Lair:1   | Killed Grum
 15889 | Lair:1   | Reached XP level 12. HP: 36/51 MP: 13/30
 16068 | Lair:1   | Noticed Gastronok
 16080 | Lair:1   | Killed Gastronok
 16149 | Lair:1   | Reached skill level 10 in Dodging
 16743 | Lair:2   | Reached skill level 14 in Spellcasting
 16987 | Lair:2   | Found a shimmering altar of Xom.
 17256 | Lair:2   | Noticed a seven-headed hydra
 17543 | Lair:2   | Killed a seven-headed hydra
 18024 | Lair:2   | Killed from afar by a swamp worm

Vault maps used:
D:1:      evilmike_arrival_crescent, supply_closet_lemuel, minivault_23
D:2:      minmay_misc_feat_x
D:3:      gammafunk_ghost_stat_death, first_ration
D:4:      grunt_decor_one_mirror
D:5:      old_standard_altar, serial_bayou_pond_e, minmay_ruined_shrine
D:6:      serial_shops, nicolae_shop_behind_doors, tgw_kikubaaqudgha
D:7:      temple_doors_e, serial_shops, nicolae_shop_crystal, shop, shop_statue,
          shop, enter_ossuary_1
D:8:      ebering_ghost_reflecting_pool, hangedman_ranch
D:9:      uniq_erolcha
D:10:     minmay_evil_grid
D:11:     lair_entry_dummy, uniq_urug
Lair:1:   uniq_grum, uniq_gastronok
Lair:2:   basic_altar, worms_lemuel, grunt_megastairs_3,
          infiniplex_staircase_pool
Ossuary:  ossuary_crypta

Skill      XL: |  1  2  3  4  5  6  7  8  9 10 11 12 |
---------------+-------------------------------------+-----
Spellcasting   | 3 4 5 7 8 10 11 13 14 | 14.6
Necromancy     | 4 5 6 7 8 9 11 12 | 12.0
Stealth        | 4 5 6 8 9 10 | 10.0
Short Blades   | 1 2 3 4 5 6 7 |  7.7
Dodging        | 5 7 9 10 | 10.2
Conjurations   | 1 3 |  3.2

Action                   |  1- 3 |  4- 6 |  7- 9 | 10-12 || total
-------------------------+-------+-------+-------+-------++-------
Melee: Short sword       |     4 |   103 |     4 |       ||   111
       Dagger            |     1 |       |       |       ||     1
       Rapier            |       |       |   159 |   363 ||   522
 Cast: Pain              |    71 |    74 |   179 |   154 ||   478
       Vampiric Draining |     1 |    10 |    54 |    77 ||   142
       Regeneration      |       |     4 |     9 |    12 ||    25
       Corpse Rot        |       |       |     4 |     5 ||     9
       Bolt of Draining  |       |       |       |    61 ||    61
  Use: Scroll            |     6 |     3 |     6 |     4 ||    19
       Potion            |     3 |     2 |     6 |     3 ||    14
 Stab: Sleeping          |     1 |     2 |    15 |    26 ||    44
       Distracted        |       |     1 |       |     4 ||     5
  Eat: Ration            |       |     4 |     3 |     8 ||    15
Armor: Robe              |     2 |     6 |    18 |    19 ||    45
Dodge: Dodged            |    35 |   116 |   192 |   456 ||   799

Table legend:
 A = Non-vault XP
 B = Vault XP
 C = Vault XP percentage of total XP
 D = Non-vault monster count
 E = Vault monster count
 F = Vault count percentage of total count
                 A         B        C        D         E       F
            +---------+---------+-------+---------+---------+-------
      Total |   22069 |   11967 |  35.2 |     279 |      50 |  15.2
            +---------+---------+-------+---------+---------+-------
        D:1 |      31 |       0 |   0.0 |      17 |       0 |   0.0
        D:2 |      41 |       0 |   0.0 |      15 |       0 |   0.0
        D:3 |     140 |       0 |   0.0 |      22 |       0 |   0.0
        D:4 |     188 |       0 |   0.0 |       7 |       0 |   0.0
        D:5 |     470 |     373 |  44.2 |      21 |       6 |  22.2
        D:6 |     802 |       0 |   0.0 |      25 |       0 |   0.0
        D:7 |     475 |       0 |   0.0 |      14 |       0 |   0.0
        D:8 |    1371 |    1241 |  47.5 |      27 |       7 |  20.6
        D:9 |    2763 |     980 |  26.2 |      33 |       1 |   2.9
       D:10 |    2935 |    3179 |  52.0 |      30 |       9 |  23.1
       D:11 |    4270 |     839 |  16.4 |      35 |       1 |   2.8
     Lair:1 |    2868 |    3204 |  52.8 |      15 |       7 |  31.8
     Lair:2 |    5715 |    2018 |  26.1 |      18 |       9 |  33.3
    Ossuary |       0 |     133 | 100.0 |       0 |      10 | 100.0
            +---------+---------+-------+---------+---------+-------
